 Dungeon Crawl Stone Soup version 0.31-a0-986-g5e6e4ef867 (webtiles) character file.

Game seed: 5730185752698487182

74 ytrimaz the Insei (level 4, -3/48 HPs)
             Began as a Demonspawn Shapeshifter on Nov 17, 2023.
             Slain by a gnoll
             ... wielding a +0 club
              (6 damage)
             ... on level 2 of the Dungeon.
             The game lasted 00:01:28 (1347 turns).

ytrimaz the Insei (Demonspawn Shapeshifter)         Turns: 1347, Time: 00:01:28

Health: -3/48      AC: 22    Str: 14    XL:     4   Next: 9%
Magic:  4/4        EV:  2    Int: 11    God:
Gold:   70         SH:  0    Dex: 15    Spells: 3/3 levels left

rFire   + .          .
                       - Unarmed
rCold   . . .        (no shield)
rNeg    . . .        a - melded +0 animal skin
rPois   +            (helmet currently unavailable)
rElec   .            (cloak currently unavailable)
rCorr   .            (gloves currently unavailable)
SInv    .            (boots currently unavailable)
Will    .....        (no amulet)
Stlth   +            j - ring of protection from fire
HPRegen 0.28/turn    (no ring)
MPRegen 0.09/turn

%: no passive effects
@: tree-form
A: stationary, stasis, torment immunity, boosted hp, (hooves 1), (large bone
plates 1), foul stench 1
a: no special abilities


You were on level 2 of the Dungeon.
You were a tree.
You visited 1 branch of the dungeon, and saw 2 of its levels.

You collected 70 gold pieces.


Innate Abilities, Weirdness & Mutations

You are a tree.
Your roots penetrate the ground, keeping you stationary.
You cannot be teleported.
You are immune to unholy pain and torment.
Your maximum health is greatly increased.
Your equipment is partially melded.
((You have large cloven feet.))
((You are partially covered in large bone plates. (SH +4)))
You may rarely emit foul miasma when damaged in melee.


   Skills:
 - Level 1.0 Fighting
 - Level 1.7 Dodging
 + Level 3.7 Unarmed Combat
 + Level 3.5 Shapeshifting


You had 3 spell levels left.
You didn't know any spells.
Your spell library was empty.

Inventory:

Armour
 a - a +0 animal skin (melded)
 n - a +2 helmet
   (You found it on level 2 of the Dungeon)
Jewellery
 j - a ring of protection from fire (left branch)
   (You found it on level 2 of the Dungeon)
Talismans
 c - a beast talisman
 d - a flux talisman
Scrolls
 f - a scroll of vulnerability {unknown}
 g - a scroll of poison {unknown}
 i - 2 scrolls of identify {unknown}
 l - a scroll of teleportation {unknown}
Potions
 e - a potion of brilliance {unknown}
 h - a potion of attraction {unknown}
 k - a potion of curing {unknown}
 m - a potion of heal wounds {unknown}

Dungeon Overview and Level Annotations

Branches:
Dungeon (2/15) Zot: 10659

Altars:

####### ......# ......#
###################.:.%..#
................♣g........
....#########...g##......#
###.# #....# ####### ..#.#
#.........# )...#
#.........# ...# ..###
#.........# #...# ..#
#.........# #...# ..#
#.........###...# #.# ..#
#...............# #.#


You could see 2 gnolls.


Message History

An endoplasm is nearby!
A gnoll comes into view. It is wielding a +0 spear.
There are monsters nearby!
A gnoll comes into view. It is wielding a +0 club.
The gnoll shouts!
A gnoll comes into view. It is wielding a +0 whip.
There are monsters nearby!
A gnoll comes into view. It is wielding a +0 flail.
The gnoll shouts! x2
The gnoll moves out of view.
The endoplasm freezes you.
You are frozen.
The gnoll hits you with a +0 club. The gnoll misses you. 😕 HP[-6]
You take 6 damage, and now have 20/26 hp.
MASSIVE DAMAGE!! (PAUSE)
The endoplasm attacks as it pursues you!
The endoplasm hits you. 😮 HP[-2]
You take 2 damage, and now have 18/26 hp.
The endoplasm attacks as it pursues you!
The endoplasm hits you but does no damage.
You hit the endoplasm. You kick the endoplasm.
You block the endoplasm's attack.
You hit the endoplasm. You kick the endoplasm. The endoplasm barely misses you.
You hit the endoplasm.
You kill the endoplasm!
Unknown command. 😮 HP[+1]
The gnoll misses you.
Unknown command.
The gnoll attacks as it pursues you!
The gnoll hits you from afar with a +0 spear.
* * * LOW HITPOINT WARNING * * *
😨 HP[-6]
You take 6 damage, and now have 13/26 hp.
MASSIVE DAMAGE!! (PAUSE)
The gnoll barely misses you. 😮 HP[+1]
You hit the gnoll but do no damage. You kick the gnoll.
Unknown command.
You punch the gnoll! The gnoll barely misses you. x2
Unknown command.
You barely miss the gnoll. You kick the gnoll.
You kill the gnoll!
You hit the gnoll. You kick the gnoll, but do no damage.
The gnoll hits you with a +0 whip.
* * * LOW HITPOINT WARNING * * *
😨 HP[-1]
You take 1 damage, and now have 13/26 hp.
Unknown command.
Okay, then.
Unknown command.
You completely miss the gnoll. You block the gnoll's attack.
The gnoll hits you with a +0 whip.
* * * LOW HITPOINT WARNING * * *
😨 HP[-5]
You take 5 damage, and now have 8/26 hp.
You closely miss the gnoll. The gnoll hits you with a +0 club.
* * * LOW HITPOINT WARNING * * *
😨 HP[-1]
You take 1 damage, and now have 7/26 hp.
Unknown command.
Your transformation has ended.
You turn into a tree.
Your +0 animal skin melds into your body.
Your roots penetrate the ground.
The gnoll hits you with a +0 whip.
* * * LOW HITPOINT WARNING * * *
The gnoll hits you but does no damage.
You now have 39 max hp (+13).
Unknown command.
You hit the gnoll but do no damage. The gnoll hits you but does no damage.
You smack the gnoll!
You kill the gnoll!
The gnoll hits you but does no damage.
You have reached level 4!
You feel agile.
Your demonic ancestry asserts itself...
You begin to emit a foul stench of rot and decay. 😱 HP[+2] MP[+1]
You now have 48 max hp (+9).
You regained 2 hp, and now have 9/48 hp.
Your mp is fully restored (4).
You cannot move.
You cannot move.
You closely miss the gnoll. The gnoll hits you with a +0 club.
* * * LOW HITPOINT WARNING * * *
😱 HP[-3]
You take 3 damage, and now have 6/48 hp.
You barely miss the gnoll.
The gnoll hits you but does no damage. 😱 HP[+1] Unknown command.
You smack the gnoll!
The gnoll hits you with a +0 club.
* * * LOW HITPOINT WARNING * * *
😱 HP[-5]
You take 5 damage, and now have 2/48 hp.
You hit the gnoll but do no damage.
Unknown command.
You hit the gnoll.
The gnoll hits you but does no damage. x2 😱 HP[+1]
You hit the gnoll. The gnoll hits you with a +0 club.
You die...

Skill      XL: |  1  2 |
---------------+-------+-----
Unarmed Combat | 3 |  3.7
Shapeshifting  | 3 |  3.5
Fighting       | |  1.0
Dodging        | |  1.7

Action                     |  1- 3 |  4- 6 || total
---------------------------+-------+-------++-------
  Melee: Unarmed           |   102 |     6 ||   108
         Punch             |     2 |       ||     2
         Kick              |    27 |       ||    27
    Use: Potion            |     1 |       ||     1
   Stab: Sleeping          |     2 |       ||     2
 Armour: Animal skin       |    49 |       ||    49
         Skin              |     4 |     6 ||    10
  Dodge: Dodged            |    45 |       ||    45
  Block: Other             |     8 |       ||     8

Levels and vault maps discovered:
D:1:      saegor_arrival_fortress, layout_loops_ring, minmay_octomino_j4
D:2:      layout_basic, serial_shops, nicolae_shop_waterfront

Notes
Turn   | Place    | Note
-------+----------+-------------------------------------------
     0 | D:1      | ytrimaz the Demonspawn Shapeshifter began the quest for the
                  | Orb.
     0 | D:1      | Reached XP level 1. HP: 15/15 MP: 1/1
     0 | D:1      | magus.rc [v1.9.6]
   129 | D:1      | Reached skill level 3 in Unarmed Combat
   153 | D:1      | Gained mutation: You have large cloven feet. [demonic
                  | ancestry]
   153 | D:1      | Reached XP level 2. HP: 21/21 MP: 2/2
   219 | D:1      | Reached skill level 3 in Shapeshifting
   369 | D:1      | Gained mutation: You are partially covered in large bone
                  | plates. (SH +4) [demonic ancestry]
   369 | D:1      | Reached XP level 3. HP: 23/26 MP: 3/3
  1339 | D:2      | HP: 7/39 [gnoll/+0 whip (4)]
  1342 | D:2      | Gained mutation: You may rarely emit foul miasma when
                  | damaged in melee. [demonic ancestry]
  1342 | D:2      | Reached XP level 4. HP: 9/32 MP: 4/4
  1344 | D:2      | HP: 2/48 [gnoll/+0 club (5)]
  1347 | D:2      | Slain by a gnoll

Vanquished Creatures
  2 gnolls (D:2)
  2 worms (D:2)
  A dart slug (D:1)
  2 bats (D:1)
  7 endoplasms
  3 giant cockroaches
  3 goblins
  6 hobgoblins
  7 kobolds
  A quokka (D:2)
  3 ball pythons (D:1)
  A frilled lizard (D:1)
  5 rats
43 creatures vanquished.

Table legend:
 A = Non-vault XP
 B = Vault XP
 C = Vault XP percentage of total XP
 D = Non-vault monster count
 E = Vault monster count
 F = Vault count percentage of total count
                 A         B        C        D         E       F
            +---------+---------+-------+---------+---------+-------
      Total |     100 |       6 |   5.7 |      40 |       3 |   7.0
            +---------+---------+-------+---------+---------+-------
        D:1 |      46 |       6 |  11.5 |      26 |       3 |  10.3
        D:2 |      54 |       0 |   0.0 |      14 |       0 |   0.0
            +---------+---------+-------+---------+---------+-------

Skill      XL: |  1  2 |
---------------+-------+-----
Unarmed Combat | 3 |  3.7
Shapeshifting  | 3 |  3.5
Fighting       | |  1.0
Dodging        | |  1.7

Action                     |  1- 3 |  4- 6 || total
---------------------------+-------+-------++-------
  Melee: Unarmed           |   102 |     6 ||   108
         Punch             |     2 |       ||     2
         Kick              |    27 |       ||    27
    Use: Potion            |     1 |       ||     1
   Stab: Sleeping          |     2 |       ||     2
 Armour: Animal skin       |    49 |       ||    49
         Skin              |     4 |     6 ||    10
  Dodge: Dodged            |    45 |       ||    45
  Block: Other             |     8 |       ||     8

Illustrated notes

Table legend:
 A = Kills in this place as a percentage of kills in the entire game.
 B = Kills by you in this place as a percentage of kills by you in the entire game.
 C = Kills by friends in this place as a percentage of kills by friends in the entire game.
 D = Other kills in this place as a percentage of other kills in the entire game.
 E = Experience gained in this place as a percentage of experience gained in the entire game.
 F = Experience gained in this place divided by the number of levels of this place that you have seen.
                   A       B       C       D       E      F
               +-------+-------+-------+-------+-------+----------------------
         Total | 100.0 | 100.0 |   N/A |   N/A | 100.0 |  53.0
       Dungeon | 100.0 | 100.0 |   N/A |   N/A | 100.0 |  53.0
               +-------+-------+-------+-------+-------+----------------------

Table legend: (Time is in decaauts)
 A = Elapsed time spent in this place.
 B = Non-inter-level travel time spent in this place.
 C = Inter-level travel time spent in this place.
 D = Time resting spent in this place.
 E = Time spent auto-exploring this place.
 F = Levels seen in this place.
 G = Mean time per level.
                   A        B        C        D        E       F      G
               +--------+--------+--------+--------+--------+-----+--------+
         Total |   1340 |   1314 |     26 |      0 |   1034 |   2 |  670.0 |
       Dungeon |   1340 |   1314 |     26 |      0 |   1034 |   2 |  670.0 |
               +--------+--------+--------+--------+--------+-----+--------+

Top non-repeatable levels by time:
     D:1: 931 daAuts
     D:2: 408 daAuts
